 Dungeon Crawl Stone Soup version 0.30.1-4-g462c640d31 (webtiles) character file.

Game seed: 12331247545097256220

71 Cheops the Caller (level 4, -7/30 HPs)
             Began as a Merfolk Summoner on Sept 13, 2023.
             Mangled by Natasha (9 damage)
             ... on level 2 of the Dungeon.
             The game lasted 00:05:52 (1196 turns).

Cheops the Caller (Merfolk Summoner)                Turns: 1196, Time: 00:05:53

Health: -7/30      AC:  2    Str:  8    XL:     4   Next: 24%
Magic:  8/8        EV: 12    Int: 16    God:
Gold:   56         SH:  0    Dex: 14    Spells: 3/9 levels left

rFire   . . .        a - +0 dagger
rCold   . . .        (no shield)
rNeg    . . .        g - +0 robe
rPois   .            (no helmet)
rElec   .            (no cloak)
rCorr   .            (no gloves)
SInv    .            (no boots)
Will    .....        (no amulet)
Stlth   ++           (no ring)
HPRegen 0.25/turn    (no ring)
MPRegen 0.11/turn

%: no passive effects
@: no status effects
A: (nimble swimmer 2), mertail
a: no special abilities


You were on level 2 of the Dungeon.
You visited 1 branch of the dungeon, and saw 2 of its levels.

You collected 56 gold pieces.

Inventory:

Hand Weapons
 a - a +0 dagger (weapon)
Armour
 g - a +0 robe (worn)
Scrolls
 c - 2 scrolls of identify {unknown}
 e - a scroll of fear {unknown}
 f - a scroll of fog {unknown}
 i - a scroll of teleportation {unknown}
Potions
 b - a potion of magic
 d - a potion of heal wounds {unknown}
 h - 2 potions of invisibility {unknown}


   Skills:
 - Level 2.6 Dodging
 - Level 2.1 Stealth
 - Level 3.0 Spellcasting
 + Level 5.0 Summonings


You had 3 spell levels left.
You knew the following spells:

 Your Spells              Type           Power      Damage    Failure   Level
c - Call Canine Familiar  Summ           18%        N/A       7%          3
i - Call Imp              Summ           36%        N/A       3%          2
m - Summon Small Mammal   Summ           72%        N/A       2%          1

Your spell library contained the following spells:

 Spells                   Type           Power      Damage    Failure   Level
 Summon Guardian Golem    Hex/Summ       10%        N/A       21%         3
 Summon Lightning Spire   Summ/Air       10%        N/A       54%         4


Dungeon Overview and Level Annotations

Branches:
Dungeon (2/15)

Altars:

Annotations:
D:2 1 runed translucent door, Crazy Yiuf, Natasha


Innate Abilities, Weirdness & Mutations

((You are very nimble when in or above water. (Stealth+, EV+, Speed+++)))
Your lower body shifts to a powerful aquatic tail in water.


Message History

Natasha is moderately wounded.
Natasha closely misses you.
Your cerulean imp hits Natasha from afar with a -3 spear.
The cerulean imp closely misses you.
You hit Natasha.
Natasha is moderately wounded.
Natasha claws you.
Your cerulean imp closely misses Natasha.
The cerulean imp barely misses you.
You hit Natasha.
Natasha is heavily wounded.
Natasha claws you!
* * * LOW HITPOINT WARNING * * *
The cerulean imp hits you from afar with a +0 spear.
* * * LOW HITPOINT WARNING * * *
Your cerulean imp completely misses Natasha.
You are too injured to fight recklessly!
You barely miss Natasha.
Natasha is heavily wounded.
Natasha claws you.
* * * LOW HITPOINT WARNING * * *
The cerulean imp barely misses you.
Your cerulean imp hits Natasha from afar with a -3 spear.
You hit Natasha.
Natasha is almost dead.
Your cerulean imp disappears in a puff of smoke!
Natasha claws you.
* * * LOW HITPOINT WARNING * * *
The cerulean imp hits you from afar with a +0 spear.
* * * LOW HITPOINT WARNING * * *
You hit Natasha.
Natasha is almost dead.
Natasha claws you.
* * * LOW HITPOINT WARNING * * *
The cerulean imp hits you from afar with a +0 spear.
* * * LOW HITPOINT WARNING * * *
You closely miss Natasha.
Natasha is almost dead.
Natasha claws you!
You die...

.## ..# P ..### #.# ..
)...# #.####..P
.##.############.......P
.##....†......).......>P
.###############..#.#..P
.# #......<.#...!P ....
#.............P .....
#......@......P ......
#......h......# ......
#......5......# ......
#........#.##.#
#........#.# .#
#.[......#.# ......##..
.#.... ..


You could see Natasha and a cerulean imp (summoned).

Vanquished Creatures
  A giant cockroach (D:1)
  2 quokkas (D:1)
  3 bats (D:1)
  2 frilled lizards (D:1)
  A kobold (D:1)
9 creatures vanquished.

Vanquished Creatures (collateral kills)
  Natasha (twice) (D:2)
  2 bats
  An endoplasm (D:2)
  A goblin (D:2)
  3 kobolds
  A quokka (D:2)
  2 frilled lizards
  A rat (D:2)
13 creatures vanquished.

Grand Total: 22 creatures vanquished

Notes
Turn   | Place    | Note
-------+----------+-------------------------------------------
     0 | D:1      | Cheops the Merfolk Summoner began the quest for the Orb.
     0 | D:1      | Reached XP level 1. HP: 13/13 MP: 3/3
   336 | D:1      | Reached XP level 2. HP: 12/19 MP: 3/5
   350 | D:1      | Learned a level 2 spell: Call Imp
   873 | D:2      | Noticed Natasha
   888 | D:2      | Killed Natasha
   889 | D:2      | Reached XP level 3. HP: 18/24 MP: 2/7
   893 | D:2      | Learned a level 3 spell: Call Canine Familiar
   970 | D:2      | Found a faded altar of an unknown god.
  1057 | D:2      | Found a runed translucent door.
  1058 | D:2      | Noticed Crazy Yiuf
  1134 | D:2      | Noticed Natasha
  1147 | D:2      | Killed Natasha
  1148 | D:2      | Reached skill level 5 in Summonings
  1148 | D:2      | Reached XP level 4. HP: 22/30 MP: 5/8
  1184 | D:2      | Noticed Natasha
  1196 | D:2      | Mangled by Natasha

Illustrated notes

Levels and vault maps discovered:
D:1:      heliophobic_arrival_glass_houses, layout_loops_ring
D:2:      layout_basic, basic_altar, shapermc_ecumenical_altar_mp_vishouse,
          minmay_hedge_maze, minmay_misc_feat_ornament, uniq_crazy_yiuf_cottage,
          uniq_natasha

Skill      XL: |  1  2  3 |
---------------+----------+-----
Spellcasting   | 3 |  3.0
Summonings     | 5 |  5.0
Dodging        | |  2.6
Stealth        | |  2.1

Action                     |  1- 3 |  4- 6 || total
---------------------------+-------+-------++-------
  Melee: Whip              |    18 |       ||    18
         Unarmed           |    10 |       ||    10
         Dagger            |    39 |     8 ||    47
   Cast: Summon Small Mamm |    13 |       ||    13
         Call Imp          |     4 |       ||     4
         Call Canine Famil |     1 |       ||     1
   Stab: Sleeping          |     3 |       ||     3
 Armour: Robe              |    19 |       ||    19
  Dodge: Dodged            |    53 |     5 ||    58
